 Dungeon Crawl Stone Soup version 0.19-a0-821-gf489216 (webtiles) character file.

6064 4thArraOfDagon the Cleaver (level 10, 0/86 HPs)
             Began as a Demigod Fighter on June 29, 2016.
             Slain by a frost giant
             ... wielding a +2 battleaxe of freezing
              (5 damage)
             ... in an ice cave.
             The game lasted 00:22:12 (4352 turns).

4thArraOfDagon the Cleaver (Demigod Fighter)        Turns: 4352, Time: 00:22:12

Health: 0/86       AC: 12    Str: 24    XL:     10   Next: 32%
Magic:  13/13      EV: 10    Int: 16    God:
Gold:   385        SH: 10    Dex: 17    Spells: 0 memorised, 9 levels left

rFire  . . .     SeeInvis .     d - +2 hand axe (elec)
rCold  . . .     Gourm    .     b - +0 scale mail
rNeg   . . .     Faith    +     c - +0 shield
rPois  .         Spirit   .     E - +0 helmet
rElec  .         Dismiss  .     h - +0 cloak
rCorr  .         Reflect  .     (no gloves)
SustAt +         Harm     .     s - +0 pair of boots
MR     +....                    Q - amulet of faith
Stlth  ..........               (no ring)
                                (no ring)

@: mighty, very slightly contaminated, hasted, very quick, somewhat resistant to
hostile enchantments, extremely unstealthy
A: high mp 1, sustain attributes
a: no special abilities


You were in an ice cave.
You were not hungry.

You visited 1 branch of the dungeon, and saw 10 of its levels.
You also visited: Ossuary, Bailey and Ice Cave.

You collected 385 gold pieces.

Inventory:

Hand Weapons
 a - a +0 long sword
 d - a +2 hand axe of electrocution (weapon)
 e - a +2 dagger of draining
 i - a +2 halberd of electrocution
 y - the +7 rapier of Wycvaas {holy, rC+ Dex+4 SInv}
   (You found it on level 6 of the Dungeon)

   It has been blessed by the Shining One to cause great damage to the undead
   and demons.
   It affects your dexterity (+4).
   It protects you from cold.
   It lets you see invisible.
 H - a +0 battleaxe
 P - a +1 battleaxe
Missiles
 J - 3 poisoned tomahawks (quivered)
Armour
 b - a +0 scale mail (worn)
 c - a +0 shield (worn)
 h - a +0 cloak (worn)
 s - a +0 pair of boots (worn)
 E - a +0 helmet (worn)
Jewellery
 u - an uncursed ring of ice
 Q - an amulet of faith (around neck)
Wands
 v - a wand of digging (20/24)
 B - a wand of random effects (27/48)
 D - a wand of random effects (10/48)
 I - a wand of lightning (7/15)
 N - a wand of flame (41/48)
Scrolls
 g - 4 scrolls of remove curse
 n - a scroll of noise
 p - 2 scrolls of recharging
 r - a scroll of random uselessness
 G - a scroll of fog
Potions
 j - a potion of resistance {unknown}
 k - 2 potions of cancellation
 m - 7 potions of curing {unknown}
 o - a potion of mutation {unknown}
 q - 2 potions of heal wounds
 t - a potion of cure mutation
 x - a potion of brilliance {unknown}
 z - a potion of haste
 A - 2 potions of ambrosia {unknown}
 C - 3 potions of flight
 F - 2 potions of might
 K - 2 potions of beneficial mutation
 L - a potion of magic
Books
 l - a book of Annihilations

   Spells                             Type                      Level
   a - Poison Arrow                   Conjuration/Poison           6
   b - Chain Lightning                Conjuration/Air              8
   c - Lehudib's Crystal Spear        Conjuration/Earth            8
   d - Glaciate                       Conjuration/Ice              9
   e - Fire Storm                     Conjuration/Fire             9
 M - a Necronomicon

   Spells                             Type                      Level
   a - Haunt                          Necromancy/Summoning         7
   b - Borgnjor's Revivification      Necromancy                   8
   c - Death's Door                   Charms/Necromancy            8
   d - Infestation                    Necromancy                   8
   e - Necromutation                  Transmutation/Necromancy     8
 O - a book of Clouds

   Spells                             Type                      Level
   a - Mephitic Cloud                 Conjuration/Poison/Air       3
   b - Conjure Flame                  Conjuration/Fire             3
   c - Poisonous Cloud                Conjuration/Poison/Air       6
   d - Freezing Cloud                 Conjuration/Ice/Air          6
   e - Ring of Flames                 Charms/Fire                  7
Comestibles
 f - 4 bread rations
 w - 3 meat rations


   Skills:
 + Level 7.0 Fighting
 - Level 2.1 Long Blades
 * Level 10.0 Axes
 + Level 7.9 Armour
 - Level 3.9 Dodging
 - Level 2.6 Shields


You had 9 spell levels left.
You didn't know any spells.

Dungeon Overview and Level Annotations

Branches:
Dungeon (12/15)               Orc (0/2) D:12
 Temple: D:4-7         Lair: D:8-11

Shops:
D:4 [   D:8 }   D:9 *

Annotations:
D:2 Sigmund


Innate Abilities, Weirdness & Mutations

You have an increased reservoir of magic. (+10% MP)
Your attributes are resistant to harm.


Message History

You hit the frost giant.
The frost giant is moderately wounded.
Unknown command.
You feel much better. The frost giant barely misses you.
Unknown command.
You slash the frost giant!
The frost giant is moderately wounded.
Unknown command.
You hit the frost giant.
The frost giant is heavily wounded.
The frost giant gestures at you while chanting.
The bolt of cold hits you!
* * * LOW HITPOINT WARNING * * *
Unknown command.
Unknown command.
You feel much better.
The frost giant hits you with a battleaxe of freezing!!
* * * LOW HITPOINT WARNING * * *
The frost giant freezes you.
You die...

.......## ######..#
...#...###
##..##....
#......###.......÷.
#.......#.......∩.∩
##....##.÷..##......
#....####†.#####....
#.....###### ##..#
#....##≈≈#≈ ####
##..@##≈≈≈≈
#..C##≈≈###
#..#.≈≈##.##
##.#.≈##.C.##
##..##..#..###
#.##..###...##
#....## ###..####
##..## ##C#..## #
#### ##.#..#


You could see a frost giant.

Vanquished Creatures
  A komodo dragon (D:7)
  5 polar bears (IceCv)
  A wraith (Ossuary)
  5 yaks (IceCv)
  A hungry ghost (D:7)
  4 orc warriors
  2 sky beasts
  10 ice beasts
  2 ogres (D:4)
  5 wolves
  2 centaurs
  2 giant frogs
  A water moccasin zombie (D:4)
  3 scorpions
  A water moccasin skeleton (D:9)
  4 wights (D:9)
  2 crimson imps
  2 centaur zombies
  A giant frog skeleton (D:6)
  A giant frog zombie (D:4)
  5 hounds
  A jelly (D:8)
  2 orc priests
  Crazy Yiuf (D:2)
  A centaur skeleton (D:4)
  An orc wizard (D:7)
  2 worker ants
  Terence (D:2)
  A hound zombie (D:4)
  2 hound skeletons
  A mummy (D:7)
  A worker ant zombie (D:4)
  15 gnolls
  6 adders
  2 shadow imps
  2 adder zombies (D:7)
  2 adder skeletons (D:4)
  A dart slug (D:2)
  5 giant geckos
  15 orcs
  10 bats
  3 goblins
  13 hobgoblins
  9 jackals
  17 kobolds
  A quokka (D:2)
  3 ball pythons
  2 giant cockroach zombies
  2 giant gecko zombies
  2 giant newts
  2 quokka skeletons (D:4)
  A quokka zombie (D:4)
  10 rats
197 creatures vanquished.

Vanquished Creatures (collateral kills)
  A polar bear (IceCv)
1 creature vanquished.

Grand Total: 198 creatures vanquished

Notes
Turn   | Place    | Note
--------------------------------------------------------------
     0 | D:1      | 4thArraOfDagon the Demigod Fighter began the quest for the Orb.
     0 | D:1      | Reached XP level 1. HP: 18/18 MP: 3/3
   123 | D:2      | Noticed Terence
   148 | D:1      | Reached XP level 2. HP: 17/25 MP: 4/4
   378 | D:2      | Noticed Sigmund
   465 | D:2      | Found a radiant altar of Vehumet.
   480 | D:2      | Killed Terence
   480 | D:2      | Reached XP level 3. HP: 15/31 MP: 5/5
   552 | D:3      | Found a glowing golden altar of the Shining One.
   652 | D:3      | Found a hazy altar of Hepliaklqana.
   652 | D:3      | Found a snail-covered altar of Cheibriados.
   653 | D:3      | Found a blossoming altar of Fedhas.
   702 | D:3      | Reached skill level 1 in Axes
   702 | D:3      | Reached XP level 4. HP: 38/38 MP: 6/6
   798 | D:2      | Found a runed door.
   869 | D:2      | Noticed Crazy Yiuf
   876 | D:2      | Killed Crazy Yiuf
   876 | D:2      | Reached skill level 2 in Axes
  1137 | D:4      | Reached XP level 5. HP: 33/45 MP: 7/7
  1167 | D:4      | Noticed an ogre
  1201 | D:4      | Reached skill level 3 in Axes
  1206 | D:4      | Killed an ogre
  1206 | D:4      | Reached XP level 6. HP: 51/51 MP: 8/8
  1258 | D:4      | Reached skill level 4 in Axes
  1318 | D:4      | Found Uwiwn's Armour Boutique.
  1398 | D:4      | Reached skill level 1 in Dodging
  1398 | D:4      | Reached XP level 7. HP: 51/57 MP: 9/9
  1437 | D:5      | Entered Level 5 of the Dungeon
  1597 | D:6      | Reached skill level 5 in Axes
  1597 | D:6      | Reached skill level 5 in Armour
  1611 | D:6      | Got an encrusted rapier
  1616 | D:6      | Identified the +7 rapier of Wycvaas {holy, rC+ Dex+4 SInv} (You found it on level 6 of the Dungeon)
  1942 | D:7      | Noticed a komodo dragon
  1948 | D:6      | Found a bloodstained altar of Trog.
  1970 | D:7      | Killed a komodo dragon
  1970 | D:7      | Reached XP level 8. HP: 53/67 MP: 10/10
  1970 | D:7      | Reached skill level 6 in Axes
  2028 | D:7      | Found a shattered altar of Ashenzari.
  2080 | D:7      | Found a sand-covered staircase.
  2089 | Ossuary  | Entered an ossuary
  2158 | Ossuary  | Reached skill level 5 in Fighting
  2519 | D:7      | Found a flagged portal.
  2530 | Bailey   | Entered a bailey
  2792 | Bailey   | Reached skill level 7 in Axes
  3013 | D:7      | Found a bloodstained altar of Trog.
  3061 | D:8      | Found an opulent altar of Gozag.
  3061 | D:8      | Found a sparkling altar of Nemelex Xobeh.
  3116 | D:8      | Reached XP level 9. HP: 37/74 MP: 11/11
  3339 | D:8      | Found Ydaptef's Gadget Boutique.
  3490 | D:9      | Found Irphac's General Store.
  3497 | D:9      | Reached skill level 8 in Axes
  3541 | D:9      | You fall through a shaft for 3 floors!
  3690 | D:12     | Found a frozen archway.
  3833 | IceCv    | Entered an ice cave
  3845 | IceCv    | Reached skill level 9 in Axes
  4004 | IceCv    | Reached XP level 10. HP: 74/84 MP: 13/13
  4224 | IceCv    | Reached skill level 10 in Axes
  4286 | IceCv    | Noticed a frost giant
  4352 | IceCv    | Slain by a frost giant

Vault maps used:
D:1:      scummos_arrival_simple_fountains
D:2:      nicolae_overflow_crystal_walls, uniq_sigmund, uniq_crazy_yiuf_cottage,
          uniq_terence
D:3:      overflow_temple_1_default, gammafunk_temple_overflow_claw
D:4:      serial_undead, serial_undead_d, serial_undead_d, serial_undead_a,
          serial_undead_c, first_bread, serial_shops, kennysheep_little_box
D:5:      amethyst_killhole, uniq_menkaure, uniq_duvessa
D:6:      nicolae_overflow_hidden_temple
D:7:      lemuel_upstairs_altar, makhleb_heckhound_becter,
          gup_ossuary_entry_pyramid, enter_bailey_1, basic_altar
D:8:      grunt_temple_overflow_opulence, erik_lair_island, serial_shops,
          shop_statue, blue_anna_alchemist, minmay_fountain_box
D:9:      ashenzari_altar_1, serial_shops, shop, minivault_25, uniq_erolcha
D:12:     minmay_orc_entry_guard_dogs, portal_ice_cave_entry_ice_beasts,
          billiards_dpeg
Ossuary:  ossuary_due_cavern
Bailey:   bailey_axe_2, bailey
IceCv:    ice_cave_small_giant

Skill      XL: |  1  2  3  4  5  6  7  8  9 10 |
---------------+-------------------------------+-----
Long Blades    | 2 |  2.1
Armour         | 3 4 5 6 7 |  7.9
Fighting       | 3 4 5 6 7 |  7.0
Axes           | 1 2 3 4 5 7 9 10 | 10.0
Dodging        | 1 2 3 |  3.9
Shields        | |  2.6

Action                   |  1- 3 |  4- 6 |  7- 9 | 10-12 || total
-------------------------+-------+-------+-------+-------++-------
Melee: Long sword        |    34 |       |       |       ||    34
       Dagger            |    51 |       |       |       ||    51
       War axe           |    19 |    15 |       |       ||    34
       Hand axe          |     9 |    65 |   395 |    45 ||   514
       Rapier            |       |       |     6 |       ||     6
Evoke: Wand              |       |       |     4 |       ||     4
  Use: Potion            |     1 |     2 |     6 |     8 ||    17
       Scroll            |       |     4 |    16 |       ||    20
 Stab: Distracted        |       |       |       |     1 ||     1
  Eat: Meat ration       |       |     1 |       |       ||     1
       Chunk             |       |       |    10 |     2 ||    12
       Pizza             |       |       |     1 |       ||     1
Armor: Scale mail        |    55 |    35 |   153 |    45 ||   288
Dodge: Dodged            |    48 |    29 |   138 |    34 ||   249
Block: Shield            |    72 |    42 |   183 |    33 ||   330
